 Dungeon Crawl Stone Soup version 0.23.2-40-g277498a001 (webtiles) character file.

Game seed: 8822472571748664860

77 GGA the Vexing (level 4, -2/42 HPs)
             Began as an Ogre Arcane Marksman on Sept 5, 2019.
             Slain by a gnoll
             ... wielding a +0 flail
              (4 damage)
             ... on level 2 of the Dungeon.
             The game lasted 00:11:08 (1236 turns).

GGA the Vexing (Ogre Arcane Marksman)               Turns: 1236, Time: 00:11:08

Health: -2/42      AC:  3    Str: 14    XL:     4   Next: 34%
Magic:  5/5        EV: 10    Int: 14    God:
Gold:   68         SH:  0    Dex: 10    Spells: 4/5 levels left

rFire    . . .     SeeInvis .     - Unarmed
rCold    . . .     Gourm    .   (no shield)
rNeg     . . .     Faith    .   a - +0 robe
rPois    .         Spirit   .   (helmet restricted)
rElec    .         Reflect  .   (no cloak)
rCorr    .         Harm     .   (gloves unavailable)
MR       .....                  (boots unavailable)
Stlth    +.........             (no amulet)
HPRegen  0.14/turn              (no ring)
MPRegen  0.09/turn              (no ring)

@: no status effects
A: large, unfitting armour, tough skin 1
a: no special abilities


You were on level 2 of the Dungeon.
You were not hungry.

You visited 1 branch of the dungeon, and saw 2 of its levels.

You collected 68 gold pieces.

Inventory:

Armour
 a - a +0 robe (worn)
 e - a +0 helmet
Scrolls
 h - a scroll of teleportation
 i - a scroll of amnesia {unknown}
 j - a scroll of identify {unknown}
Potions
 k - a potion of flight {unknown}
Comestibles
 b - 3 chunks of flesh
 f - 3 rations


   Skills:
 + Level 1.8 Fighting
 + Level 3.1 Throwing
 + Level 1.9 Dodging
 + Level 1.2 Unarmed Combat
 + Level 1.2 Spellcasting
 + Level 3.3 Hexes


You had 4 spell levels left.
You knew the following spells:

 Your Spells              Type           Power        Failure   Level  Hunger
a - Corona                Hex            ##.....      6%          1    ##.....

Your spell library contained the following spells:

 Spells                   Type           Power        Failure   Level  Hunger
 Slow                     Hex            ##......     10%         2    ###....
 Inner Flame              Hex/Fire       #.......     36%         3    ####...
 Portal Projectile        Hex/Tloc       #.....       36%         3    ####...
 Cause Fear               Hex            ##........   54%         4    #####..
 Leda's Liquefaction      Hex/Erth       #.........   78%         4    #####..


Dungeon Overview and Level Annotations

Branches:
Dungeon (2/15)

Altars:


Innate Abilities, Weirdness & Mutations

You are too large for most types of armour.
You have tough skin. (AC +1)


Message History

The gnoll is severely wounded.
The gnoll closely misses you.
You hit the gnoll but do no damage.
The gnoll is severely wounded.
The gnoll hits you.
* * * LOW HITPOINT WARNING * * *
The gnoll hits you with a +0 flail.
* * * LOW HITPOINT WARNING * * *
You hit the gnoll but do no damage.
The gnoll is severely wounded.
The gnoll closely misses you.
You barely miss the gnoll.
The gnoll is severely wounded.
The gnoll stops glowing.
The gnoll hits you with a +0 flail.
* * * LOW HITPOINT WARNING * * *
The gnoll barely misses you.
You hit the gnoll.
The gnoll is almost dead.
The gnoll hits you with a +0 flail.
You die...

###################
.........รท...>..@.###
#.......#######)gg..#
#.......# #.....#
#####+### #.....#
+<....# #....(#
#.....+ #...((#
#.$..(#


You could see 2 gnolls.

Vanquished Creatures
  3 adders (D:2)
  A gnoll (D:2)
  An ooze (D:1)
  A worm (D:2)
  4 dart slugs (D:1)
  A giant cockroach (D:1)
  2 hobgoblins
  2 kobolds (D:1)
  4 bats (D:1)
  3 frilled lizards (D:1)
  4 goblins (D:1)
  3 rats (D:1)
29 creatures vanquished.

Notes
Turn   | Place    | Note
-------+----------+-------------------------------------------
     0 | D:1      | GGA the Ogre Arcane Marksman began the quest for the Orb.
     0 | D:1      | Reached XP level 1. HP: 19/19 MP: 2/2
   102 | D:1      | Reached XP level 2. HP: 6/27 MP: 3/3
   560 | D:1      | Reached XP level 3. HP: 28/33 MP: 4/4
  1156 | D:2      | Reached XP level 4. HP: 33/41 MP: 5/5
  1219 | D:2      | Reached skill level 1 in Unarmed Combat
  1235 | D:2      | HP: 2/42 [gnoll/+0 flail (4)]
  1236 | D:2      | Slain by a gnoll

Skill      XL: |  1  2  3  4 |
---------------+-------------+-----
Hexes          | 3 |  3.3
Throwing       | 3 |  3.1
Unarmed Combat | 1 |  1.2
Fighting       | |  1.8
Dodging        | |  1.9
Spellcasting   | |  1.2

Action                   |  1- 3 |  4- 6 || total
-------------------------+-------+-------++-------
Melee: Unarmed           |    61 |    10 ||    71
Throw: Javelin           |    36 |     5 ||    41
       Large rock        |     8 |     5 ||    13
       Throwing net      |     1 |     1 ||     2
 Cast: Corona            |       |     1 ||     1
  Use: Scroll            |     1 |     1 ||     2
  Eat: Chunk             |       |     1 ||     1
Armor: Robe              |    29 |       ||    29
Dodge: Dodged            |    31 |     5 ||    36
